 Dungeon Crawl Stone Soup version 0.25-a0-189-gf71692caf1 (webtiles) character file.

Game seed: 10030084885901969748, levelgen mode: deterministic

2067 sankara the Grappler (level 9, -3/79 (80) HPs)
             Began as a Troll Hunter on Nov 29, 2019.
             Was a Priest of Makhleb.
             Slain by a gargoyle
             ... wielding a +0 dire flail
              (11 damage)
             ... on level 7 of the Dungeon.
             The game lasted 00:18:10 (5098 turns).

sankara the Grappler (Troll Hunter)                 Turns: 5098, Time: 00:18:11

HP:   -3/79 (80)    AC: 12    Str: 25    XL:     9   Next: 5%
MP:   8/8           EV: 10    Int:  7    God:    Makhleb [***...]
Gold: 303           SH:  0    Dex: 10    Spells: 8/8 levels left

rFire    . . .     SeeInvis .     - Unarmed
rCold    . . .     Gourm    +   (no shield)
rNeg     . . .     Faith    .   a - +0 robe
rPois    .         Spirit   .   (helmet restricted)
rElec    .         Reflect  .   N - +0 cloak
rCorr    .         Harm     .   (gloves unavailable)
MR       .....                  (boots unavailable)
Stlth    +.........             (no amulet)
HPRegen  0.63/turn              I - +5 ring of protection
MPRegen  0.11/turn              (no ring)

@: no status effects
A: large, unfitting armour, claws 3, fast metabolism 3, gourmand, regeneration
1, shaggy fur 1, tough skin 3
a: Minor Destruction, Lesser Servant of Makhleb, Renounce Religion


You were on level 7 of the Dungeon.
You worshipped Makhleb.
Makhleb was most pleased with you.
You were completely stuffed.

You visited 2 branches of the dungeon, and saw 8 of its levels.
You also visited: Ossuary.

You collected 303 gold pieces.

Inventory:

Hand Weapons
 b - a +2 short sword of venom
   (You took it off a kobold on level 1 of the Dungeon)
 e - a +0 club
   (You took it off a kobold on level 1 of the Dungeon)
 h - a +0 short sword
 k - a +0 dagger
   (You took it off a goblin on level 1 of the Dungeon)
 l - a +0 dagger
   (You took it off a kobold on level 1 of the Dungeon)
 n - a +0 dagger
   (You took it off a kobold on level 1 of the Dungeon)
 p - a +0 short sword
   (You took it off a kobold on level 1 of the Dungeon)
Missiles
 c - 5 large rocks (quivered) {!d}
 d - 2 throwing nets {=f, !d}
 g - 176 stones
 L - 9 sling bullets
Armour
 a - a +0 robe (worn)
 N - a +0 cloak (worn)
   (You found it on level 7 of the Dungeon)
Jewellery
 I - a +5 ring of protection (left claw)
   (You found it on level 4 of the Dungeon)
Wands
 u - a wand of random effects (14)
   (You took it off Sigmund on level 2 of the Dungeon)
Scrolls
 i - 3 scrolls of remove curse {unknown}
 j - 6 scrolls of identify {unknown}
 m - a scroll of fear {unknown}
 o - 2 scrolls of random uselessness {unknown}
 q - 2 scrolls of blinking {unknown}
 s - a scroll of enchant weapon {unknown}
 y - 2 scrolls of amnesia {unknown}
 z - a scroll of noise {unknown}
 D - 2 scrolls of fog {unknown}
 E - a scroll of silence {unknown}
 G - a scroll of magic mapping {unknown}
 M - a scroll of immolation {unknown}
Potions
 r - 2 potions of flight {unknown}
 t - a potion of resistance {unknown}
 v - 2 potions of might {unknown}
 w - a potion of mutation {unknown}
 x - 2 potions of brilliance {unknown}
 A - a potion of degeneration {unknown}
 B - 3 potions of heal wounds {unknown}
 C - a potion of agility {unknown}
 F - 3 potions of curing {unknown}
 H - a potion of cancellation {unknown}
 K - a potion of magic {unknown}
Comestibles
 f - 13 rations
 J - 3 chunks of flesh {@w0}


   Skills:
 + Level 2.5 Fighting
 - Level 3.6 Throwing
 + Level 2.5 Dodging
 - Level 0.3 Stealth
 * Level 11.1 Unarmed Combat


You had 8 spell levels left.
You didn't know any spells.
Your spell library contained the following spells:

 Spells                   Type           Power        Failure   Level  Hunger
 Corona                   Hex            #......      43%         1    ##.....
 Ensorcelled Hibernation  Hex/Ice        #.....       56%         2    ###....
 Confuse                  Hex            #.......     80%         3    ####...
 Dazzling Spray           Conj/Hex       #.....       80%         3    ####...
 Tukima's Dance           Hex            #.......     80%         3    ####...


Dungeon Overview and Level Annotations

Branches:
Dungeon (7/15)             Temple (1/1) D:4         Ossuary (visited)

Altars:
Ashenzari
Fedhas
Gozag
Hepliaklqana
Kikubaaqudgha
Makhleb
Okawaru
Qazlal
Sif Muna
Trog
Uskayaw
Vehumet
Wu Jian
Xom
The Shining One


Innate Abilities, Weirdness & Mutations

You are too large for most types of armour.
You have claws for hands.
Your metabolism is lightning-fast.
You like to eat raw meat.
Your natural rate of healing is unusually fast.
You are covered in fur. (AC +1)
You have extremely tough skin. (AC +3)


Message History

Makhleb accepts your kill.
You feel better.
An iguana comes into view.
The iguana hisses angrily.
You are too injured to fight recklessly!
You are too injured to fight recklessly!
You are too injured to fight recklessly!
You are too injured to fight recklessly!
You see here a ration.
The iguana closely misses you.
You mangle the iguana!!
You kill the iguana!
Makhleb accepts your kill.
You feel better.
You have reached level 9!
Your experience leads to an increase in your attributes!
Increase (S)trength, (I)ntelligence, or (D)exterity?
You feel stronger. x2
f - 13 rations (gained 1)
You now have 303 gold pieces (gained 11).
A quokka comes into view.
You closely miss the quokka. The quokka closely misses you.
You mangle the quokka!!
You kill the quokka!
Makhleb accepts your kill.
You feel better.
No target in view!
No target in view!
You see here a quokka corpse.
You butcher the quokka corpse.
J - 9 chunks of flesh {@w0} (gained 1)
You see here a quokka skeleton.
Eating one of 9 chunks of flesh {@w0}.
You eat one of the 9 chunks of flesh {@w0}.
This raw flesh tastes great.
A necrophage comes into view.
You closely miss the necrophage. The necrophage hits you.
You barely miss the necrophage.
The necrophage hits you but does no damage.
You claw the necrophage!
The necrophage is heavily damaged.
The necrophage hits you.
You feel your flesh rotting away!
You mangle the necrophage!!
You destroy the necrophage!
Makhleb accepts your kill.
You feel better.
No target in view!
No target in view!
g - 176 stones (gained 9)
You see here a pair of gloves.
j - 6 scrolls labeled LUUQ UZXA HAN (gained 1) Some of the chunks of flesh in your inventory have rotted away.
A gargoyle comes into view. It is wielding a +0 dire flail.
The gargoyle hurls a stone arrow at you.
The stone arrow hits you!!
You are too injured to fight recklessly!
You are too injured to fight recklessly!
You are too injured to fight recklessly!
You claw the gargoyle!
The gargoyle is moderately damaged.
The gargoyle barely misses you.
You scratch the gargoyle but do no damage.
The gargoyle is moderately damaged.
The gargoyle hurls a stone arrow at you.
The stone arrow hits you!!
You scratch the gargoyle but do no damage.
The gargoyle is moderately damaged.
The gargoyle hits you with a +0 dire flail!
You scratch the gargoyle but do no damage.
The gargoyle is moderately damaged.
You scratch the gargoyle but do no damage.
The gargoyle is moderately damaged.
The gargoyle hits you with a +0 dire flail.
You barely miss the gargoyle.
The gargoyle is moderately damaged.
The gargoyle hits you with a +0 dire flail.
* * * LOW HITPOINT WARNING * * *
You claw the gargoyle!
The gargoyle is severely damaged.
You scratch the gargoyle but do no damage.
The gargoyle is severely damaged.
The gargoyle closely misses you.
You barely miss the gargoyle.
The gargoyle is severely damaged.
The gargoyle hurls a stone arrow at you.
The stone arrow misses you.
You barely miss the gargoyle.
The gargoyle is severely damaged.
The gargoyle closely misses you.
You barely miss the gargoyle.
The gargoyle is severely damaged.
You scratch the gargoyle but do no damage.
The gargoyle is severely damaged.
The gargoyle hurls a stone arrow at you.
The stone arrow hits you!
* * * LOW HITPOINT WARNING * * *
You scratch the gargoyle but do no damage.
The gargoyle is severely damaged.
The gargoyle hits you with a +0 dire flail!
You die...

# #..# # ... #### #..
#... #.. ####.## #.#
#...... #.# #.#####
#9# ##.# #
#@#########..# #
#............# #
###########..#####
##...... ##.####
########## #.#
#........########.###
#.######............#
#.# ##########.#.#


You could see a gargoyle.

Vanquished Creatures
  Sigmund (D:2)
  A wraith (Ossuary)
  Eustachio (D:4)
  2 orc warriors (D:6)
  An ice beast (D:7)
  An ogre (D:5)
  A necrophage (D:7)
  A phantom (D:5)
  2 centaurs
  A bullfrog (D:6)
  A scorpion (D:4)
  3 crimson imps
  A jelly (D:6)
  2 hounds
  6 orc wizards
  3 orc priests
  A bullfrog skeleton (D:5)
  3 iguanas
  A worker ant (D:6)
  A hound zombie (D:6)
  A mummy (Ossuary)
  A howler monkey skeleton (D:6)
  6 adders
  2 shadow imps
  An ooze (D:1)
  A worm zombie (D:4)
  An adder skeleton (D:6)
  2 dart slugs (D:1)
  5 leopard geckos
  24 orcs
  A ball python (D:2)
  8 giant cockroaches
  5 hobgoblins
  5 jackals
  7 kobolds
  4 quokkas
  6 bats
  6 frilled lizards
  7 gnoll skeletons (Ossuary)
  10 goblins
  A jackal skeleton (D:4)
  4 kobold skeletons (Ossuary)
  A kobold zombie (D:4)
  14 orc skeletons (Ossuary)
  7 rats
164 creatures vanquished.

Notes
Turn   | Place    | Note
-------+----------+-------------------------------------------
     0 | D:1      | sankara the Troll Hunter began the quest for the Orb.
     0 | D:1      | Reached XP level 1. HP: 19/19 MP: 0/0
    76 | D:1      | Reached skill level 1 in Unarmed Combat
   100 | D:1      | Reached XP level 2. HP: 27/27 MP: 1/1
   202 | D:1      | Reached skill level 2 in Unarmed Combat
   453 | D:1      | Reached XP level 3. HP: 33/33 MP: 2/2
   560 | D:1      | Reached skill level 3 in Unarmed Combat
  1062 | D:2      | Reached XP level 4. HP: 41/41 MP: 3/3
  1115 | D:2      | Found a burning altar of Makhleb.
  1129 | D:2      | Became a worshipper of Makhleb the Destroyer
  1137 | D:2      | Noticed Sigmund
  1147 | D:2      | Killed Sigmund
  1147 | D:2      | Reached skill level 5 in Unarmed Combat
  1147 | D:2      | Reached XP level 5. HP: 38/48 MP: 4/4
  1280 | D:2      | Found an ancient bone altar of Kikubaaqudgha.
  1697 | D:3      | Reached skill level 6 in Unarmed Combat
  1697 | D:3      | Reached XP level 6. HP: 23/55 MP: 5/5
  1941 | D:3      | Found a shattered altar of Ashenzari.
  2003 | D:3      | Reached * piety under Makhleb
  2206 | D:3      | Found a glowing golden altar of the Shining One.
  2392 | D:4      | Found a staircase to the Ecumenical Temple.
  2403 | Temple   | Entered the Ecumenical Temple
  2731 | D:4      | Reached skill level 7 in Unarmed Combat
  2934 | D:4      | Found a sand-covered staircase.
  2949 | Ossuary  | Entered an ossuary
  2949 | Ossuary  | Noticed a wraith
  2949 | Ossuary  | Noticed a wraith
  2949 | Ossuary  | Noticed a wraith
  3017 | Ossuary  | Noticed a wraith
  3039 | Ossuary  | Reached ** piety under Makhleb
  3067 | Ossuary  | Killed a wraith
  3067 | Ossuary  | Reached XP level 7. HP: 40/62 MP: 6/6
  3170 | D:4      | Reached skill level 8 in Unarmed Combat
  3300 | D:4      | Noticed Eustachio
  3307 | D:4      | Killed Eustachio
  3441 | D:5      | Entered Level 5 of the Dungeon
  3462 | D:5      | Reached skill level 9 in Unarmed Combat
  3750 | D:5      | Reached XP level 8. HP: 69/70 MP: 7/7
  4161 | D:6      | Reached skill level 10 in Unarmed Combat
  4282 | D:6      | Reached *** piety under Makhleb
  4417 | D:6      | Reached skill level 2 in Fighting
  4417 | D:6      | Reached skill level 2 in Dodging
  4809 | D:7      | Reached skill level 11 in Unarmed Combat
  4991 | D:7      | Reached XP level 9. HP: 63/80 MP: 8/8
  5084 | D:7      | Noticed a gargoyle
  5097 | D:7      | HP: 7/79 [gargoyle/stone arrow (17)]
  5098 | D:7      | Slain by a gargoyle

Levels and vault maps discovered:
D:1:      ebering_trefoil_twist, layout_basic, minmay_domino_2
D:2:      minmay_inner_zag, layout_basic, nicolae_overflow_hidden_temple,
          lemuel_doored_altar, uniq_sigmund
D:3:      layout_basic, nicolae_tso_swordbearing_angel, lemuel_round_altar,
          serial_bayou_pond_b, minmay_misc_feat_nine_boxes
D:4:      layout_gridville, minmay_temple_entry_statues_pillars,
          enter_ossuary_3, uniq_eustachio
D:5:      layout_cave_pods, first_ration
D:6:      layout_cave_pods
D:7:      layout_loops_ring, nicolae_dithmenos_shadow_blocks
Temple:   minmay_temple_curvy_loop

Skill      XL: |  1  2  3  4  5  6  7  8 |
---------------+-------------------------+-----
Unarmed Combat | 1 2 3 5 6 7 9 11 | 11.1
Fighting       | 2 |  2.5
Dodging        | 2 |  2.5
Throwing       | |  3.6
Stealth        | |  0.3

Action                   |  1- 3 |  4- 6 |  7- 9 || total
-------------------------+-------+-------+-------++-------
Melee: Unarmed           |   100 |   165 |   187 ||   452
       Short sword       |    20 |       |       ||    20
       Punch             |     2 |     2 |     5 ||     9
 Stab: Sleeping          |     1 |       |     1 ||     2
  Eat: Chunk             |    15 |    18 |    19 ||    52
Armor: Robe              |    42 |    98 |    53 ||   193
Dodge: Dodged            |    50 |   133 |    76 ||   259

Table legend:
 A = Non-vault XP
 B = Vault XP
 C = Vault XP percentage of total XP
 D = Non-vault monster count
 E = Vault monster count
 F = Vault count percentage of total count
                 A         B        C        D         E       F
            +---------+---------+-------+---------+---------+-------
      Total |    2240 |     714 |  24.2 |     116 |      48 |  29.3
            +---------+---------+-------+---------+---------+-------
        D:1 |      52 |       4 |   7.1 |      26 |       2 |   7.1
        D:2 |      27 |     235 |  89.7 |       9 |       8 |  47.1
        D:3 |     156 |      41 |  20.8 |      15 |       8 |  34.8
        D:4 |     217 |     189 |  46.6 |      14 |       3 |  17.6
        D:5 |     577 |       0 |   0.0 |      17 |       0 |   0.0
        D:6 |     829 |       0 |   0.0 |      25 |       0 |   0.0
        D:7 |     382 |       0 |   0.0 |      10 |       0 |   0.0
    Ossuary |       0 |     245 | 100.0 |       0 |      27 | 100.0
            +---------+---------+-------+---------+---------+-------

Levels and vault maps discovered:
D:1:      ebering_trefoil_twist, layout_basic, minmay_domino_2
D:2:      minmay_inner_zag, layout_basic, nicolae_overflow_hidden_temple,
          lemuel_doored_altar, uniq_sigmund
D:3:      layout_basic, nicolae_tso_swordbearing_angel, lemuel_round_altar,
          serial_bayou_pond_b, minmay_misc_feat_nine_boxes
D:4:      layout_gridville, minmay_temple_entry_statues_pillars,
          enter_ossuary_3, uniq_eustachio
D:5:      layout_cave_pods, first_ration
D:6:      layout_cave_pods
D:7:      layout_loops_ring, nicolae_dithmenos_shadow_blocks
Temple:   minmay_temple_curvy_loop

Table legend:
 A = Turns spent in this place as a percentage of turns spent in the entire game.
 B = Non-inter-level travel turns spent in this place as a percentage of non-inter-level travel turns spent in the entire game.
 C = Inter-level travel turns spent in this place as a percentage of turns spent in this place.
 D = Turns resting spent in this place as a percentage of non-inter-level travel turns spent in this place.
 E = Turns spent auto-exploring this place as a percentage of non-inter-level travel turns spent in this place.
 F = Non-inter-level travel turns spent in this place divided by the number of levels of this place that you've seen.
                   A       B       C       D       E      F
               +-------+-------+-------+-------+-------+----------------------
         Total | 100.0 | 100.0 |   4.7 |   1.5 |  76.3 | 540.0
       Dungeon |  92.2 |  92.3 |   4.6 |   1.6 |  76.3 | 640.9
        Temple |   4.2 |   3.9 |  10.8 |   0.0 |  98.9 | 190.0
       Ossuary |   3.6 |   3.8 |   0.0 |   0.0 |  51.1 | 184.0
               +-------+-------+-------+-------+-------+----------------------

Table legend:
 A = Kills in this place as a percentage of kills in entire the game.
 B = Kills by you in this place as a percentage of kills by you in the entire game.
 C = Kills by friends in this place as a percentage of kills by friends in the entire game.
 D = Other kills in this place as a percentage of other kills in the entire game.
 E = Experience gained in this place as a percentage of experience gained in the entire game.
 F = Experience gained in this place divided by the number of levels of this place that you have seen.
                   A       B       C       D       E      F
               +-------+-------+-------+-------+-------+----------------------
         Total | 100.0 | 100.0 |   N/A |   N/A | 100.0 | 328.2
       Dungeon |  83.5 |  83.5 |   N/A |   N/A |  91.7 | 387.0
       Ossuary |  16.5 |  16.5 |   N/A |   N/A |   8.3 | 245.0
               +-------+-------+-------+-------+-------+----------------------
